AoeStats
← Linkg

Socotra

505139107Analyzed
3v3 RM · 25d ago on Sep 8, 2026· 64m 20s· 6 players
Game mode
Random Map
Map size
128×128
Population
200
Speed
Normal
Resources
Standard
Victory
Conquest
Starting age
Dark Age
Ending age
Imperial Age
RankedLock teamsTeams togetherTeam positionsShared explorationLock speedFull tech treeHidden civsTurbo modeCheats
Victory
Defeat
🇨🇷 Sicilians · Costa Rica
1236
+13
🇨🇷 Persians · Costa Rica
1176
+15
🇨🇷 Cumans · Costa Rica
996
+23
🇨🇱 Mongols · Chile
1275
-22
🇨🇱 Vietnamese · Chile
1177
-18
🇨🇱 Vikings · Chile
1014
-11
Linkg
2:39 Loom
9:32 Feudal Age
10:54 Fletching
24:32 Castle Age
22:55 Double-Bit Axe
23:34 Stone Mining
25:20 Scale Barding Armor
tupapa13
5:53 Loom
9:01 Feudal Age
10:39 Double-Bit Axe
13:20 Horse Collar
15:22 Fletching
17:51 Wheelbarrow
21:01 Castle Age
19:14 Padded Archer Armor
26:12 Bloodlines
29:14 Forging
29:25 Scale Barding Armor
30:58 Hand Cart
32:36 Chain Barding Armor
32:33 Town Watch
32:59 Bodkin Arrow
33:48 Light Cavalry
34:29 Husbandry
37:21 Imperial Age
36:30 Iron Casting
38:47 Plate Barding Armor
38:55 Conscription
38:57 Cavalier
45:04 Blast Furnace
46:01 Bow Saw
46:36 Town Patrol
56:57 Kamandaran
58:18 Leather Archer Armor
63:29 Capped Ram
EmperorofMayhem94
2:18 Loom
12:21 Feudal Age
21:14 Scale Mail Armor
23:15 Fletching
27:01 Bloodlines
27:08 Padded Archer Armor
27:20 Forging
30:55 Castle Age
34:05 Capped Ram
37:34 Bodkin Arrow
38:16 Iron Casting
39:43 Light Cavalry
41:35 Scale Barding Armor
CBT Almendruzki
11:01 Feudal Age
16:35 Castle Age
16:29 Double-Bit Axe
17:24 Wheelbarrow
18:32 Fletching
20:14 Bodkin Arrow
21:43 Padded Archer Armor
22:49 Ballistics
25:17 Leather Archer Armor
37:18 Imperial Age
39:25 Chemistry
39:52 Bracer
46:50 Elite Rattan Archer
55:01 Ring Archer Armor
PelaoMakina
6:59 Loom
9:16 Feudal Age
10:50 Double-Bit Axe
12:04 Forging
14:43 Town Watch
21:53 Castle Age
22:40 Gold Mining
22:23 Elite Skirmisher
22:57 Fletching
24:34 Padded Archer Armor
27:51 Wheelbarrow
28:45 Pikeman
31:45 Scale Barding Armor
32:56 Stone Mining
34:57 Bodkin Arrow
37:10 Bow Saw
37:39 Husbandry
38:07 Bloodlines
40:25 Ballistics
40:45 Thumb Ring
41:27 Leather Archer Armor
44:24 Scale Mail Armor
46:40 Hand Cart
52:37 Chain Mail Armor
53:04 Iron Casting
efontealba
2:06 Loom
11:01 Feudal Age
29:02 Forging
33:08 Castle Age
31:20 Double-Bit Axe
31:19 Horse Collar
33:54 Squires
33:15 Pikeman
34:49 Scale Barding Armor
37:33 Scale Barding Armor
39:04 Iron Casting
39:20 Bow Saw
39:11 Heavy Plow
47:12 Chain Barding Armor
48:47 Scale Mail Armor
Connection lost

Rejoining the realm…

Still unreachable

The connection could not be restored.

Session expired

The server has moved on; the page needs a fresh start.